Map: Ever Dream LE

Players

TLHarstem (Harstem)

  • Race: Protoss Protoss
  • League: Master
  • Spawn Location: 7:00

ShaDoWn - Winner!

  • Race: Protoss Protoss
  • Spawn Location: 1:00

Event: DreamHack SC2 Masters 2020 Summer Europe

VOD

Have the link to the VOD?

Description

Time

  • Played on: June 26, 2020, 10:21 a.m.
  • Length: 8:09

All games in this series

Show
View Real Time Build Order
Export as new Build Order

TLHarstem Protoss 

Build Orders:  

Get SALT Encoding   

  12  0:01  Probe  
  13  0:13  Probe  
  14  0:17  Pylon  
  14  0:25  Probe  
  15  0:33  Probe  
  15  0:35  Gateway  
  15  0:41  Probe  
  16  0:48  Assimilator  
  17  0:51  Probe  
  17  0:55  Assimilator  
  18  0:59  Probe  
  19  1:07  Gateway  
  19  1:08  Probe  
  19  1:18  Probe  
  20  1:24  Cybernetics Core  
  21  1:30  Probe  
  22  1:42  Probe  
  22  1:43  Pylon  
  23  2:01  Stalker, Robotics Facility  
  24  2:03  Stalker  
  28  2:10  Warp Gate  
  28  2:17  Pylon  
  27  2:31  Stalker  
  27  2:34  Stalker  
  30  2:39  Immortal  
  34  2:54  Pylon  
  34  3:08  Warp Prism  
  34  3:16  Shield Battery  
  36  3:25  Sentry  
  38  3:34  Pylon  
  38  3:37  Cybernetics Core  
  38  3:41  Pylon  
  36  4:00  Stalker x2  
  36  4:01  Immortal  
  44  4:18  Robotics Bay  
  44  4:27  Pylon  
  44  4:44  Immortal  
  48  5:13  Disruptor  
  48  5:18  Stalker  
  48  5:19  Stalker  
  53  5:32  Gateway  
  53  5:33  Pylon  
  53  5:41  Zealot  
  53  5:42  Zealot  
  57  5:50  Disruptor  
  60  6:08  Pylon  
  60  6:09  Zealot x2  
  55  6:28  Adept  
  55  6:31  Adept  
  44  6:45  Sentry  
  46  7:05  Probe  
  47  7:08  Zealot x2  
  51  7:21  Stalker  
  51  7:22  Probe  
  54  7:34  Probe  
  42  7:44  Zealot x2  
  42  7:46  Probe  
  42  7:48  Zealot  
Show
View Real Time Build Order
Export as new Build Order

ShaDoWn Protoss - Winner!

Build Orders:  

Get SALT Encoding   

  12  0:01  Probe  
  13  0:13  Probe  
  14  0:17  Pylon  
  14  0:24  Probe  
  15  0:32  Probe  
  15  0:36  Gateway  
  15  0:40  Probe  
  16  0:47  Assimilator  
  17  0:51  Probe  
  17  0:54  Assimilator  
  18  0:59  Probe  
  19  1:07  Gateway, Probe  
  19  1:17  Probe  
  20  1:23  Cybernetics Core  
  21  1:30  Probe  
  22  1:34  Pylon  
  22  1:42  Probe  
  23  1:54  Probe  
  24  1:55  Warp Gate  
  24  1:59  Stalker x2  
  28  2:12  Pylon  
  28  2:18  Pylon  
  28  2:29  Stalker  
  30  2:30  Stalker  
  32  2:49  Nexus  
  32  3:01  Robotics Facility  
  32  3:09  Sentry  
  32  3:12  Shield Battery  
  33  3:19  Shield Battery  
  31  3:30  Pylon  
  31  3:39  Immortal  
  31  3:43  Sentry, Stalker  
  39  4:06  Adept x2  
  39  4:09  Warp Prism  
  43  4:23  Probe  
  46  4:28  Sentry  
  49  4:33  Stalker  
  50  4:50  Immortal  
  54  5:01  Adept x2  
  58  5:13  Pylon  
  58  5:36  Stalker x2  
  58  5:38  Shield Battery  
  62  5:47  Immortal  
  66  6:04  Adept  
  66  6:05  Adept  
  66  6:10  Pylon  
  66  6:27  Stalker x2  
  50  6:41  Immortal  
  52  6:50  Stalker x2  
  55  7:22  Stalker x2  
  51  7:46  Adept x2  
Tags
 
Add a new tag
Caveats
  • Supply blocks, unpowered buildings, or Contaminate may cause inaccurate times.
  • Supply counts are checked every 10 seconds.